 Seeded DCSS version 0.27-a0-965-gbf8bb431c4 (webtiles) character file.

Game seed: 13435453013147752700 (custom seed)

76 wilfster70 the Insei (level 4, 0/33 HPs)
             Began as a Djinni Transmuter on Apr 12, 2021.
             Slain by an iguana (13 damage)
             ... on level 3 of the Dungeon.
             The game lasted 00:06:03 (3488 turns).

wilfster70 the Insei (Djinni Transmuter)            Turns: 3488, Time: 00:06:03

Health: 0/33       AC:  2    Str:  9    XL:     4   Next: 32%
Gold:   184        EV: 13    Int: 15    God:
                   SH:  0    Dex: 14

rFire    + + +     SeeInvis .     - Unarmed
rCold    . . .     Faith    .   (no shield)
rNeg     . . .     Spirit   .   a - +0 robe
rPois    ∞         Reflect  .   (helmet currently unavailable)
rElec    .         Harm     .   i - scarf {rC+ rF+}
rCorr    .         Rampage  .   (no gloves)
Will     .....                  (boots unavailable)
Stlth    +.........             (no amulet)
HPRegen  0.11/turn              (no ring)
MPRegen  0.00/turn              (no ring)

@: appendages, flying
A: horns 2, flying, fire resistance 2, cold vulnerability 1, float, innate
caster, hp casting, extra vitality 1
a: End Transformation


You were on level 3 of the Dungeon.
You had temporarily grown beastly horns.
You visited 1 branch of the dungeon, and saw 3 of its levels.

You collected 184 gold pieces.

Inventory:

Armour
 a - a +0 robe (worn)
 i - a scarf of resistance (worn)
Scrolls
 e - a scroll of teleportation {unknown}
 f - a scroll of identify {unknown}
 k - a scroll of blinking {unknown}
Potions
 b - a potion of invisibility {unknown}
 c - a potion of lignification {unknown}
 d - a potion of degeneration {unknown}
 g - a potion of cancellation {unknown}
 h - a potion of magic {unknown}
 j - a potion of berserk rage {unknown}


   Skills:
 + Level 1.9 Fighting
 + Level 2.9 Dodging
 + Level 3.4 Unarmed Combat
 * Level 2.7 Spellcasting


You couldn't memorise any spells.
You knew the following spells:

 Your Spells              Type           Power      Damage    Failure   Level
a - Beastly Appendage     Tmut           20%        N/A       7%          1
b - Wereblood             Tmut           10%        N/A       11%         2
c - Spider Form           Tmut/Pois      5%         N/A       21%         3
d - Ice Form              Ice/Tmut       10%        N/A       56%         4
e - Hydra Form            Tmut           5%         N/A       88%         5
f - Apportation           Tloc           20%        N/A       7%          1
Your spell library was empty.

Dungeon Overview and Level Annotations

Branches:
Dungeon (3/15)

Altars:


Innate Abilities, Weirdness & Mutations

You have temporarily grown beastly horns.
You are flying.
You are immune to poison.
Your flesh is very heat resistant. (rF++)
You are vulnerable to cold. (rC-)
You float through the air rather than walking.
You learn spells naturally, not from books.
Your magical power is your life essence.
You have superior vitality. (+4 HP)


Message History

The frilled lizard closely misses you.
You barely miss the frilled lizard.
The frilled lizard bites you but does no damage.
You miss the frilled lizard.
Your headbutt misses the frilled lizard.
The frilled lizard bites you.
You hit the frilled lizard.
You kill the frilled lizard!
An iguana comes into view.
Your transformation is almost over.
The iguana hisses angrily.
You hear a shout!
A kobold comes into view. It is wielding a +0 short sword.
The iguana misses you.
Found 9 gold pieces.
Casting: Beastly Appendage (safe; 7% risk of failure)
Confirm with . or Enter, or press ? or * to list all spells.
You extend your transformation's duration.
The iguana closely misses you. The iguana completely misses you.
You hit the iguana.
The iguana is lightly wounded.
The iguana bites you!
You hit the iguana but do no damage.
You headbutt the iguana, but do no damage.
The iguana is lightly wounded.
The iguana misses you.
You hit the iguana.
The iguana is lightly wounded.
The iguana bites you!
You hit the iguana but do no damage.
The iguana is lightly wounded.
The iguana bites you but does no damage.
You barely miss the iguana.
The iguana is lightly wounded.
The iguana barely misses you.
You hit the iguana.
You headbutt the iguana, but do no damage.
The iguana is heavily wounded.
The iguana bites you!
You die...

#####)#. #.....#. #.#####.
#.# #. ####.# #. ##....# #.
###..#### #.
$.##.##########...## #####.
.........Kl@....### #.....
....###################.....
. ............. #
########..... .### #.......
...# #.#####. F.##..## #.#
#. (....# #.# #. #..######
##.#


You could see an iguana and a kobold.

Vanquished Creatures
  2 adders (D:2)
  A dart slug (D:2)
  An orc (D:3)
  9 endoplasms
  A giant cockroach (D:1)
  5 goblins
  4 hobgoblins
  5 jackals (D:1)
  A quokka (D:1)
  4 ball pythons
  4 bats (D:1)
  2 frilled lizards
  7 kobolds
  3 rats
49 creatures vanquished.

Notes
Turn   | Place    | Note
-------+----------+-------------------------------------------
     0 | D:1      | wilfster70 the Djinni Transmuter began the quest for the
                  | Orb.
     0 | D:1      | Reached XP level 1. HP: 17/17 MP: 0/0
   272 | D:1      | Reached XP level 2. HP: 8/22 MP: 0/0
  1234 | D:1      | Reached XP level 3. HP: 14/27 MP: 0/0
  1234 | D:1      | Learned a level 1 spell: Apportation
  1680 | D:1      | Found a faded altar of an unknown god.
  2777 | D:2      | Reached XP level 4. HP: 15/33 MP: 0/0
  3412 | D:3      | Noticed a bullfrog
  3488 | D:3      | Slain by an iguana

Illustrated notes

Levels and vault maps discovered:
D:1:      giann_bridges, layout_loops_ring, basic_ecumenical_altar, st_stairs_4
D:2:      minmay_recursive_quarters, layout_basic
D:3:      layout_rooms

Skill      XL: |  1 |
---------------+----+-----
Spellcasting   | 2 |  2.7
Fighting       | |  1.9
Dodging        | |  2.9
Unarmed Combat | |  3.4

Action                   |  1- 3 |  4- 6 || total
-------------------------+-------+-------++-------
Melee: Unarmed           |   171 |    28 ||   199
       Headbutt          |    15 |     4 ||    19
       Punch             |     2 |       ||     2
 Cast: Beastly Appendage |    22 |     6 ||    28
 Stab: Sleeping          |     1 |     1 ||     2
Armor: Robe              |    39 |     4 ||    43
Dodge: Dodged            |   121 |    18 ||   139

Table legend: (Time is in decaauts)
 A = Elapsed time spent in this place.
 B = Non-inter-level travel time spent in this place.
 C = Inter-level travel time spent in this place.
 D = Time resting spent in this place.
 E = Time spent auto-exploring this place.
 F = Levels seen in this place.
 G = Mean time per level.
                   A        B        C        D        E       F      G
               +--------+--------+--------+--------+--------+-----+--------+
         Total |   3475 |   3429 |     46 |   1875 |    663 |   3 | 1158.3 |
       Dungeon |   3475 |   3429 |     46 |   1875 |    663 |   3 | 1158.3 |
               +--------+--------+--------+--------+--------+-----+--------+

Top non-repeatable levels by time:
     D:1: 1926 daAuts
     D:2: 1439 daAuts
     D:3: 110 daAuts
